 Dungeon Crawl Stone Soup version 0.31.0-12-g77e489cdc1 (webtiles) character file.

Game seed: 6678899909240426608

7593 Gadfly the Unflinching (level 10, -1/83 HPs)
             Began as an Armataur Fighter on Mar 1, 2024.
             Was a Believer of the Shining One.
             Slain by a yak (10 damage)
             ... on level 8 of the Dungeon.
             The game lasted 00:13:26 (10297 turns).

Gadfly the Unflinching (Armataur Fighter)          Turns: 10297, Time: 00:13:27

Health: -1/83      AC: 14    Str: 26    XL:     10   Next: 97%
Magic:  16/16      EV: 10    Int:  9    God:    the Shining One [**....]
Gold:   604        SH:  6    Dex: 18    Spells: 9/9 levels left

rFire   . . .        a - +3 whip (elec)
rCold   + . .        c - +0 buckler
rNeg    + . .        m - +0 plate armour
rPois   .            l - +2 helmet
rElec   .            (no cloak)
rCorr   .            (no gloves)
SInv    .            (no barding)
Will    .....        (no amulet) Stlth
                     r - +5 ring of evasion
HPRegen 0.33/turn    s - ring "Hopaggag" {rC+ Str+3 Dex+6}
MPRegen 0.15/turn

%: roll
@: hasted, glowing, very quick
A: large, deformed body, tough skin 3, armoured tail, roll 2, MP-powered wands
a: Renounce Religion, Divine Shield


You were on level 8 of the Dungeon.
You worshipped the Shining One.
The Shining One was pleased with you.
You visited 2 branches of the dungeon, and saw 10 of its levels.

You collected 604 gold pieces.

Inventory:

Hand Weapons
 a - a +3 whip of electrocution (weapon)
 b - a +3 mace of protection
 w - a +1 morningstar
Armour
 c - a +0 buckler (worn)
 j - a +0 tower shield
 l - a +2 helmet (worn)
 m - a +0 plate armour (worn)
Jewellery
 o - a ring of fire
 r - a +5 ring of evasion (left hand)
 s - the ring "Hopaggag" (right hand) {rC+ Str+3 Dex+6}
   (You found it on level 6 of the Dungeon)

   [ring of dexterity]

   Str+3:     It affects your strength (+3).
   Dex+6:     It affects your dexterity (+6).
   rC+:       It protects you from cold.
 v - a +4 ring of protection
Wands
 g - a wand of roots (7)
 k - a wand of flame (32) (quivered)
 u - a wand of digging (6)
Scrolls
 f - a scroll of fog
 i - a scroll of enchant weapon
 q - a scroll of revelation
Potions
 d - a potion of might
 e - 6 potions of curing
 h - 3 potions of attraction
 n - a potion of berserk rage
 z - 2 potions of enlightenment


   Skills:
 + Level 6.0 Fighting
 * Level 7.5 Maces & Flails
 + Level 7.6 Armour
 + Level 7.0 Shields
 * Level 8.0 Invocations
 * Level 7.9 Evocations


You had 9 spell levels left.
You didn't know any spells.
Your spell library contained the following spells:

 Spells                   Type           Power      Damage    Failure   Level
 Magic Dart               Conj           0%         1d3       99%         1
 Cigotuvi's Dreadful Rot  Necr/Alch/Air  0%         N/A       100%        2
 Searing Ray              Conj           0%         2d4       100%        2
 Ozocubu's Armour         Ice            0%         N/A       100%        3
 Fulminant Prism          Conj/Alch      0%         3d5       100%        4
 Ignite Poison            Fire/Alch      0%         N/A       100%        4
 Freezing Cloud           Conj/Ice/Air   0%         6-21      100%        5
 Metabolic Englaciation   Hex/Ice        0%         N/A       100%        5
 Sculpt Simulacrum        Ice/Alch       0%         N/A       100%        6


Dungeon Overview and Level Annotations

Branches:
Dungeon (9/15)             Temple (1/1) D:6            Lair (0/5) D:8
    Orc: D:9-12

Altars:
Ashenzari
Cheibriados
Dithmenos
Elyvilon
Fedhas
Gozag
Hepliaklqana
Kikubaaqudgha
Makhleb
Nemelex Xobeh
Okawaru
Qazlal
Ru
Sif Muna
Trog
Uskayaw
Vehumet
Wu Jian
Xom
Yredelemnul
Zin
The Shining One

Shops:
D:3 [


Innate Abilities, Weirdness & Mutations

Armour fits poorly on your strangely shaped body.
You have extremely tough skin. (AC +3)
You have a long armoured tail.
You regenerate magic and health when rolling toward enemies. (Rampage Regen)
You expend magic power (3 MP) to strengthen your wands.


Message History

The yak gores you but does no damage. The yak attacks as it pursues you!
You block the yak's attack.
Okay, then.
The yak attacks as it pursues you! The yak gores you but does no damage.
The yak attacks as it pursues you! The yak gores you but does no damage.
The yak attacks as it pursues you! The yak gores you!
* * * LOW HITPOINT WARNING * * *
The yak attacks as it pursues you! You block the yak's attack.
The yak attacks as it pursues you! You block the yak's attack.
The yak attacks as it pursues you! The yak gores you!
* * * LOW HITPOINT WARNING * * *
You feel much better. The yak gores you but does no damage.
The yak attacks as it pursues you! The yak gores you but does no damage.
The yak attacks as it pursues you! You block the yak's attack.
The yak attacks as it pursues you! The yak barely misses you.
The yak attacks as it pursues you! The yak gores you.
The yak attacks as it pursues you! You block the yak's attack.
There is a stone staircase leading up here.
The yak gores you but does no damage.
You climb upwards.
There is a stone staircase leading down here.
Okay, then.
The yak gores you. The yak gores you.
* * * LOW HITPOINT WARNING * * *
The yak attacks as it pursues you! The yak gores you!
* * * LOW HITPOINT WARNING * * *
The yak closely misses you. The yak attacks as it pursues you!
The yak closely misses you. The yak attacks as it pursues you!
You block the yak's attack. The yak attacks as it pursues you!
The yak gores you but does no damage. The yak attacks as it pursues you!
The yak closely misses you. The yak attacks as it pursues you!
The yak gores you!
* * * LOW HITPOINT WARNING * * *
The yak attacks as it pursues you! The yak closely misses you.
The yak attacks as it pursues you! The yak closely misses you.
Okay, then.
Okay, then.
You feel yourself speed up. The yak gores you!
You die...

..................# ##....
..................# ####.....
...........[......# #........
...(..............#######........
..................#.....#....~...
..................#.....#...~~.~.
..................#.....#..~≈~.~.
................YY#.....#..~≈~~~.
................@.#.....#..~~≈≈~.
..................#.....#...~≈~~.
..................#.....#...~~~..
....÷.............#>....#..≈~~.~.
..................#........~~~.~.
..................#......~~.~!...
..................#.....#.~≈~.~.>
..................#.....#[.~≈≈...
..................'.....#.~~≈~.~.


You could see 2 yaks.

Vanquished Creatures
  A two-headed ogre (D:8)
  Pikel (D:5)
  An ugly thing (D:8)
  A troll (D:8)
  Grinder (D:3)
  Prince Ribbit (D:5)
  2 hornets (D:9)
  A vampire (D:9)
  4 yaks
  2 wyverns
  Duvessa (D:5)
  A water moccasin (D:6)
  3 sky beasts
  The ghost of DJaySky the Ducker, an amateur TrGl (D:6)
  An orc warrior (D:7)
  An ice beast (D:7)
  An ogre (D:7)
  9 centaurs
  4 lemures
  2 kobold brigands
  A bullfrog (D:6)
  2 gnoll sergeants
  4 scorpions
  A water moccasin skeleton (D:3)
  3 wights (D:8)
  Dowan (D:5)
  3 killer bees (D:9)
  3 electric eels (D:8)
  A jelly (D:8)
  6 quasits (D:6)
  A centaur zombie (D:3)
  8 hounds
  5 orc priests
  3 bombardier beetles
  Jessica (D:3)
  2 gnoll boudas (D:7)
  A scorpion zombie (D:3)
  2 sleepcaps
  Ijyb (D:3)
  An iguana (D:5)
  6 orc wizards
  21 gnolls
  2 adders
  3 shadow imps
  5 white imps
  2 adder skeletons (D:3)
  2 adder zombies (D:3)
  5 dart slugs
  4 ribbon worms
  30 orcs
  3 ball pythons
  7 endoplasms
  4 giant cockroaches
  6 goblins
  6 hobgoblins
  10 jackals
  A quokka (D:1)
  A ball python skeleton (D:3)
  5 bats
  5 frilled lizards
  2 giant cockroach zombies (D:3)
  2 jackal zombies (D:3)
  15 kobolds
  A quokka zombie (D:3)
  7 rats
244 creatures vanquished.

Vanquished Creatures (others)
  A goblin (D:3)
1 creature vanquished.

Grand Total: 245 creatures vanquished

Notes
Turn   | Place    | Note
-------+----------+-------------------------------------------
     0 | D:1      | Gadfly the Armataur Fighter began the quest for the Orb.
     0 | D:1      | Reached XP level 1. HP: 18/18 MP: 1/1
   165 | D:1      | Reached XP level 2. HP: 25/25 MP: 2/2
   572 | D:1      | Reached skill level 1 in Evocations
   635 | D:1      | Reached skill level 1 in Invocations
   662 | D:1      | Reached XP level 3. HP: 28/30 MP: 3/3
  1747 | D:3      | Reached XP level 4. HP: 38/38 MP: 5/5
  1747 | D:3      | Noticed Ijyb
  1768 | D:3      | Killed Ijyb
  2030 | D:3      | Reached skill level 2 in Invocations
  2101 | D:3      | Reached XP level 5. HP: 45/45 MP: 6/6
  2294 | D:3      | Noticed Grinder
  2301 | D:3      | Paralysed by Grinder for 4 turns
  2322 | D:3      | Killed Grinder
  2323 | D:3      | Reached skill level 3 in Invocations
  2323 | D:3      | Reached XP level 6. HP: 43/51 MP: 6/8
  2384 | D:3      | Noticed Jessica
  2391 | D:3      | Killed Jessica
  2397 | D:3      | Found Uppeprom's Armour Shop.
  2408 | D:3      | Found a white marble altar of Elyvilon.
  2451 | D:3      | Became a worshipper of Elyvilon the Healer
  2742 | D:4      | Noticed a sky beast
  2751 | D:4      | Killed a sky beast
  2752 | D:4      | Gained mutation: You regenerate magic and health when
                  | rolling toward enemies. (Rampage Regen) [Armataur growth]
  2752 | D:4      | Reached XP level 7. HP: 39/57 MP: 9/9
  3514 | D:4      | Gained mutation: You expend magic power (3 MP) to
                  | strengthen your wands. [potion of mutation]
  3519 | D:5      | Entered Level 5 of the Dungeon
  3710 | D:5      | Noticed Duvessa
  4266 | D:4      | Reached skill level 5 in Armour
  4272 | D:5      | Killed Duvessa
  4273 | D:5      | Reached skill level 4 in Invocations
  4276 | D:5      | Noticed Dowan
  4370 | D:5      | Killed Dowan
  4371 | D:5      | Reached XP level 8. HP: 23/66 MP: 11/11
  4694 | D:5      | Noticed Pikel
  4710 | D:5      | Killed Pikel
  4711 | D:5      | Reached skill level 5 in Shields
  4997 | D:5      | Reached * piety under Elyvilon
  5073 | D:5      | Reached skill level 5 in Maces & Flails
  5182 | D:5      | Reached skill level 5 in Invocations
  5375 | D:5      | Noticed Prince Ribbit
  5393 | D:5      | Killed Prince Ribbit
  5394 | D:5      | Reached skill level 5 in Evocations
  5603 | D:6      | Reached XP level 9. HP: 69/72 MP: 12/12
  5780 | D:6      | Found a staircase to the Ecumenical Temple.
  5806 | Temple   | Found a transporter.
  5806 | Temple   | Found a transporter.
  5806 | Temple   | Found a transporter.
  5806 | Temple   | Found a transporter.
  5806 | Temple   | Entered the Ecumenical Temple
  5818 | Temple   | Fell from the grace of Elyvilon
  5818 | Temple   | Became a worshipper of the Shining One
  5894 | D:6      | Found a transporter.
  5898 | D:6      | Noticed DJaySky's ghost (amateur TrGl)
  5900 | D:6      | Reached * piety under the Shining One
  6344 | D:6      | Found a transporter.
  6464 | D:6      | Found a basalt altar of Yredelemnul.
  6464 | D:6      | Found a faded altar of an unknown god.
  6472 | D:6      | Found a snail-covered altar of Cheibriados.
  6474 | D:6      | Found a bloodstained altar of Trog.
  6476 | D:6      | Found an ancient bone altar of Kikubaaqudgha.
  6693 | D:6      | Killed DJaySky's ghost
  6706 | D:6      | Identified the ring "Hopaggag" {rC+ Str+3 Dex+6}
  6896 | D:7      | Reached skill level 6 in Invocations
  7026 | D:7      | Reached skill level 5 in Fighting
  7333 | D:7      | Reached ** piety under the Shining One
  8272 | D:7      | Reached XP level 10. HP: 56/81 MP: 14/14
  8839 | D:8      | Reached skill level 7 in Invocations
  9054 | D:8      | Found a staircase to the Lair.
  9268 | D:8      | Noticed a red ugly thing
  9288 | D:8      | Killed a red ugly thing
  9504 | D:8      | Noticed a two-headed ogre
  9509 | D:8      | Killed a two-headed ogre
  9531 | D:8      | Identified the serpent talisman of Unambiguity {*Slow
                  | +Blink rC+}
  9814 | D:9      | Paralysed by a hornet for 1 turns
 10245 | D:9      | Reached skill level 8 in Invocations
 10264 | D:9      | HP: 3/83 [yak (10)]
 10297 | D:8      | Slain by a yak

Illustrated notes

Levels and vault maps discovered:
D:1:      co_arrival_random_square_maze, layout_loops_ring, minmay_surrounded
D:2:      wander_river, layout_basic, serial_bayou, serial_bayou_shore_b,
          serial_bayou_pond_b, serial_bayou_pond_e, serial_bayou_lagoon_a,
          serial_bayou_lake_a
D:3:      layout_rooms, elyvilon_altar_4, serial_undead, serial_undead_c,
          serial_undead_a, serial_undead_d, serial_undead_d, serial_undead_a,
          serial_undead_f, serial_undead_a, serial_shops, shop, uniq_grinder,
          uniq_ijyb, uniq_jessica
D:4:      layout_rooms
D:5:      layout_loops_cross, small_statue_intersection, uniq_duvessa,
          uniq_prince_ribbit1, uniq_pikel
D:6:      layout_loops_ring, chequers_temple_overflow_minitemple,
          minmay_temple_entry_gardened_gates, gammafunk_ghost_stat_death,
          chequers_serial_rivers_small_b
D:7:      layout_basic, supply_closet_lemuel, centaur_isle
D:8:      layout_gridville, erik_lair_island
D:9:      layout_long_grid, grunt_ministairs_2, minmay_misc_feat_tiny
Temple:   hellmonk_temple_divided_pantheon

Skill      XL: |  1  2  3  4  5  6  7  8  9 10 |
---------------+-------------------------------+-----
Maces & Flails | 2 3 4 5 6 7 |  7.5
Evocations     | 1 3 4 5 6 7 |  7.9
Invocations    | 1 2 3 4 5 6 8 |  8.0
Fighting       | 3 4 5 6 |  6.0
Armour         | 4 5 6 7 |  7.6
Shields        | 4 5 6 7 |  7.0

Action                     |  1- 3 |  4- 6 |  7- 9 | 10-12 || total
---------------------------+-------+-------+-------+-------++-------
  Melee: Flail             |    65 |    34 |       |       ||    99
         Tailslap          |     9 |    23 |    70 |    37 ||   139
         Dagger            |    52 |   129 |   140 |       ||   321
         Whip              |       |       |   265 |   183 ||   448
         Mace              |       |       |     6 |       ||     6
  Evoke: Wand              |       |       |       |     5 ||     5
    Use: Scroll            |     3 |     5 |     3 |     3 ||    14
         Potion            |       |     2 |     7 |     4 ||    13
 Armour: Scale mail        |    74 |   118 |       |       ||   192
         Plate armour      |       |    27 |   438 |   180 ||   645
  Dodge: Dodged            |    20 |    50 |   158 |    89 ||   317
  Block: Buckler           |    19 |    31 |   109 |    69 ||   228
